 Dungeon Crawl Stone Soup version 0.19-a0-97-g21dea92 (webtiles) character file.

182 wvc the Chiller (level 5, 0/35 HPs)
             Began as a Merfolk Ice Elementalist on May 16, 2016.
             Slain by a hound (3 damage)
             ... on level 3 of the Dungeon.
             The game lasted 00:10:45 (3351 turns).

wvc the Chiller (Merfolk Ice Elementalist)          Turns: 3351, Time: 00:10:46

Health: 0/35       AC:  8    Str:  9    XL:     5   Next: 62%
Magic:  0/10       EV: 13    Int: 15    God:
Gold:   68         SH:  0    Dex: 14    Spells: 4 memorised, 1 level left

rFire  . . .     SeeInvis .     q - +0 spear
rCold  + . .     Gourm    .     a - +1 robe
rNeg   . . .     Faith    .     (no shield)
rPois  .         Spirit   .     (no helmet)
rElec  .         Dismiss  .     (no cloak)
rCorr  .         Reflect  .     (no gloves)
SustAt .         Harm     .     (no boots)
MR     .....                    (no amulet)
Stlth  ++........               (no ring)
                                l - ring of protection from cold

@: icy armour, very slightly contaminated, hasted, very quick, not resistant to
hostile enchantments, unstealthy
A: change form in water, swift swim
a: no special abilities


You were on level 3 of the Dungeon.
You were not hungry.

You visited 1 branch of the dungeon, and saw 4 of its levels.

You collected 68 gold pieces.

Inventory:

Hand Weapons
 i - a +3 dagger
 q - a +0 spear (weapon)
Armour
 a - a +1 robe (worn)
 m - a +0 helmet
 p - a +0 leather armour
Jewellery
 l - a ring of protection from cold (left hand)
Wands
 o - a wand of digging (24/24)
Potions
 e - a potion of heal wounds {unknown}
 f - 2 potions of resistance
 h - 2 potions of cure mutation
 j - a potion of lignification {unknown}
 k - a potion of degeneration {unknown}
 n - a potion of curing {unknown}
 r - 2 potions of haste
 u - a potion of mutation {unknown}
Books
 b - a book of Frost

   Spells                             Type                      Level
   a - Freeze                         Ice                          1
   b - Throw Frost                    Conjuration/Ice              2
   c - Ozocubu's Armour               Charms/Ice                   3
   d - Throw Icicle                   Conjuration/Ice              4
   e - Summon Ice Beast               Ice/Summoning                4
 v - a book of Death

   Spells                             Type                      Level
   a - Corpse Rot                     Necromancy                   2
   b - Sublimation of Blood           Necromancy                   2
   c - Agony                          Necromancy                   5
   d - Dispel Undead                  Necromancy                   5
   e - Excruciating Wounds            Charms/Necromancy            5
   f - Bolt of Draining               Conjuration/Necromancy       5
Comestibles
 c - 2 bread rations
 d - 3 fruits
 g - a meat ration
 t - 7 chunks of flesh


   Skills:
 + Level 1.3 Polearms
 - Level 2.6 Dodging
 - Level 2.1 Stealth
 + Level 3.8 Spellcasting
 - Level 0.7 Conjurations
 + Level 5.1 Ice Magic


You had one spell level left.
You knew the following spells:

 Your Spells              Type           Power        Failure   Level  Hunger
a - Freeze                Ice            ###.         1%          1    None
b - Ozocubu's Armour      Chrm/Ice       ##......     21%         3    ###....
c - Throw Frost           Conj/Ice       ##....       12%         2    ##.....
d - Summon Ice Beast      Ice/Summ       ##......     67%         4    ####...


Dungeon Overview and Level Annotations

Branches:
Dungeon (4/15)
 Temple: D:4-7

Altars:
Dithmenos
Makhleb
Ru
The Shining One


Message History

The spell is very dangerous to cast!
Continue anyway?
You miscast Summon Ice Beast.
You are very lightly contaminated with residual magic.
The hound bites you.
* * * LOW HITPOINT WARNING * * *
The hound bites you.
* * * LOW HITPOINT WARNING * * *
Unknown command.
Casting: Summon Ice Beast
Confirm with . or Enter, or press ? or * to list all spells.
Aiming: Freeze
Press: ? - help, Shift-Dir - straight line, f/p - hound
Aim: a hound You freeze the hound.
The hound is lightly wounded.
The hound bites you but does no damage.
Drink which item? (? for menu, Esc to quit)
It was a potion of haste.
You feel yourself speed up. The hound barely misses you. The hound bites you.
You die...

..............#.# #.#
##########g####.# #.#
#.# #.# ####### #.# #g#
#.# #.....# #.# #รท#
#.#####.###.# #.#
#.####.......# #.###.###
#..).........###........
############.....###.###
#@h.####.### #.###
#........# #..##
#...###### ##.# ##.##
#.## #.# #... #.# #.##
#.# #.# #.# #.# ##.##
#.##


You could see a hound.

Vanquished Creatures
  An orc wizard (D:3)
  Robin (D:3)
  5 adders
  2 oozes (D:3)
  A worm (D:3)
  A dart slug (D:1)
  10 orcs
  5 bats
  2 giant cockroaches
  9 hobgoblins
  5 jackals
  4 kobolds
  A quokka (D:3)
  2 ball pythons
  2 giant newts (D:3)
  15 goblins
  3 rats
69 creatures vanquished.

Notes
Turn   | Place    | Note
--------------------------------------------------------------
     0 | D:1      | wvc the Merfolk Ice Elementalist began the quest for the Orb.
     0 | D:1      | Reached XP level 1. HP: 13/13 MP: 3/3
   449 | D:1      | Reached XP level 2. HP: 19/19 MP: 0/5
   709 | D:1      | Reached skill level 4 in Ice Magic
  1279 | D:2      | Reached XP level 3. HP: 24/24 MP: 2/6
  1284 | D:2      | Learned a level 3 spell: Ozocubu's Armour
  1287 | D:2      | Learned a level 2 spell: Throw Frost
  1618 | D:2      | Found a shadowy altar of Dithmenos.
  1618 | D:2      | Found a burning altar of Makhleb.
  2143 | D:3      | Reached XP level 4. HP: 30/30 MP: 6/8
  2314 | D:3      | Found a glowing golden altar of the Shining One.
  2372 | D:3      | Noticed Robin
  2550 | D:3      | Found a sacrificial altar of Ru.
  2571 | D:3      | Reached XP level 5. HP: 34/35 MP: 1/10
  2577 | D:3      | Learned a level 4 spell: Summon Ice Beast
  2801 | D:3      | Reached skill level 5 in Ice Magic
  3097 | D:3      | Killed Robin
  3097 | D:3      | Reached skill level 1 in Polearms
  3341 | D:4      | Noticed a phantom
  3351 | D:3      | Slain by a hound

Vault maps used:
D:1:      dpeg_arrival_signposts, roderic_st_hans_cross
D:2:      gammafunk_temple_overflow_elements, first_bread, dk_noncrumbling_3,
          kennysheep_generic_room_12
D:3:      nicolae_ru_great_annihilating_truth, tso_altar, uniq_robin

Skill      XL: |  1  2  3  4  5 |
---------------+----------------+-----
Ice Magic      | 4 5 |  5.1
Spellcasting   | 3 |  3.8
Polearms       | 1 |  1.3
Dodging        | |  2.6
Stealth        | |  2.1
Conjurations   | |  0.7

Action                   |  1- 3 |  4- 6 || total
-------------------------+-------+-------++-------
Melee: Unarmed           |     2 |       ||     2
       Spear             |    32 |   112 ||   144
 Cast: Freeze            |    56 |    28 ||    84
       Ozocubu's Armour  |     1 |     2 ||     3
       Throw Frost       |       |     1 ||     1
  Use: Scroll            |     9 |     1 ||    10
       Potion            |       |     1 ||     1
 Stab: Sleeping          |     2 |     4 ||     6
       Distracted        |       |     1 ||     1
       Paralysed         |       |     8 ||     8
  Eat: Chunk             |     4 |     2 ||     6
       Beef jerky        |     2 |       ||     2
Armor: Robe              |    18 |    25 ||    43
Dodge: Dodged            |    36 |    78 ||   114
